 Dungeon Crawl Stone Soup version 0.28-a0-1159-g27aa881441 (webtiles) character file.

Game seed: 18029526281360983080

15876 ChaosChampion the Envoy of Void (level 12, -1/153 HPs)
             Began as a Demonspawn Abyssal Knight on Dec 15, 2021.
             Was a High Priest of Lugonu.
             Succumbed to Nessos's poison
             ... on level 12 of the Dungeon.
             The game lasted 00:27:52 (14620 turns).

ChaosChampion the Envoy of Void (DsAK)             Turns: 14620, Time: 00:27:53

Health: -1/153     AC: 30    Str: 23 (24) XL:     12   Next: 5%
Magic:  21/21      EV:  2    Int: 11 (12) God:    Lugonu [*****.]
Gold:   505        SH:  3    Dex: 10 (13) Spells: 11/11 levels left

rFire   . . .      SeeInvis .   C - +4 trident of the Silent Majority {vorpal, rElec Str+3 Stlth+}
rCold   . . .      Faith    .   D - +0 buckler
rNeg    . . .      Spirit   .   (armour currently unavailable)
rPois   +          Reflect  .   (helmet currently unavailable)
rElec   +          Harm     .   (cloak currently unavailable)
rCorr   .          Rampage  .   (gloves currently unavailable)
Will    .....      NoTele   +   (boots currently unavailable)
Stlth   ++........              (no amulet)
HPRegen 0.35/turn               d - +4 ring of protection
MPRegen 0.17/turn               z - +4 ring of slaying

@: lethally poisoned (-1 -> -14), tree-form, studying 2 skills
A: stationary, stasis, torment immunity, boosted hp, (horns 1), (icy blue scales
2), demonic guardian 2, strong 1, (teleportitis 1)
a: Renounce Religion, Depart the Abyss, Bend Space, Banish, Corrupt, Enter the
Abyss


You were on level 12 of the Dungeon.
You worshipped Lugonu.
Lugonu was extremely pleased with you.
You were a tree.
You visited 1 branch of the dungeon, and saw 12 of its levels.
You visited the Abyss 1 time.

You collected 806 gold pieces.
You spent 301 gold pieces at shops.

Inventory:

Hand Weapons
 a - a +1 mace
 i - a +1 vampiric spear
 A - a +3 flail of protection
 C - the +4 trident of the Silent Majority (weapon) {vorpal, rElec Str+3 Stlth+}
   (You took it off a centaur on level 9 of the Dungeon)

   It inflicts extra damage upon your enemies.
   Str:       It affects your strength (+3).
   rElec:     It insulates you from electricity.
   Stlth:     It makes you more stealthy.
Missiles
 b - 6 silver javelins
 l - 58 poisoned darts (quivered)
Armour
 c - a +1 pair of gloves (melded)
 k - a +2 pair of boots of rampaging (melded)
 p - a +0 plate armour (melded)
 w - a +0 cloak (melded)
 D - a +0 buckler (worn)
 J - a +1 ring mail of fire resistance
 M - a +0 hat of stealth (melded)
Jewellery
 d - a +4 ring of protection (left branch)
 z - a +4 ring of slaying (right branch)
Wands
 x - a wand of flame (27)
 y - a wand of paralysis (17)
 B - a wand of digging (5)
 H - a wand of mindburst (12)
 K - a wand of acid (9)
Scrolls
 e - 4 scrolls of teleportation
 f - 2 scrolls of identify
 g - 2 scrolls of vulnerability {unknown}
 o - a scroll of blinking
 q - 2 scrolls of amnesia
 E - a scroll of magic mapping
 I - a scroll of immolation {unknown}
 L - a scroll of noise {unknown}
Potions
 j - a potion of cancellation
 m - a potion of haste
 n - a potion of lignification
 r - 2 potions of might
 t - 3 potions of attraction {unknown}
 u - 5 potions of degeneration
 F - a potion of ambrosia {unknown}
 G - a potion of brilliance {unknown}


   Skills:
 + Level 12.0 Fighting
 - Level 2.2 Maces & Flails
 * Level 12.2 Polearms
 + Level 8.8 Armour
 - Level 0.8 Dodging
 + Level 12.3 Invocations


You had 11 spell levels left.
You didn't know any spells.
Your spell library contained the following spells:

 Spells                   Type           Power      Damage    Failure   Level
 Sublimation of Blood     Necr           0%         N/A       65%         2
 Gell's Gravitas          Tloc           0%         N/A       87%         3
 Lesser Beckoning         Tloc           0%         N/A       87%         3
 Teleport Other           Tloc           0%         N/A       87%         3
 Petrify                  Tmut/Erth      0%         N/A       99%         4
 Irradiate                Conj/Tmut      0%         3d13      100%        5
 Iskenderun's Battlesphe  Conj           0%         2d6       100%        5
 Iron Shot                Conj/Erth      0%         9d1       100%        6
 Spellforged Servitor     Conj/Summ      0%         N/A       100%        7


Dungeon Overview and Level Annotations

Branches:
Dungeon (12/15)            Temple (0/1) D:5            Lair (0/6) D:8
    Orc (0/2) D:9

Altars:
Ashenzari
Dithmenos
Fedhas
Kikubaaqudgha
Makhleb
Okawaru
Qazlal
Sif Muna
The Shining One

Shops:
D:2 *   D:3 (   D:7 !   D:9 [   D:10 *

Annotations:
Abyss:1 Gargoyl's ghost, novice GnAK; Sonja; Urug


Innate Abilities, Weirdness & Mutations

You are a tree.
Your roots penetrate the ground, keeping you stationary.
You cannot be teleported.
You are immune to unholy pain and torment.
Your maximum health is greatly increased.
Your equipment is partially melded.
((You have a pair of small horns on your head.))
((You are mostly covered in icy blue scales. (AC +3)))
A demonic guardian rushes to your aid.
Your muscles are strong. (Str +2)
((You are occasionally teleported next to monsters.))


Message History

You reach to attack!
You barely miss Nessos.
Nessos is severely wounded.
You feel very sick.
Nessos shoots an arrow.
The arrow hits you! The arrow burns you.
You are lethally poisoned!
* * * LOW HITPOINT WARNING * * *
You are too injured to fight recklessly!
Reach: C) +4 trident of the Silent Majority {vorpal, rElec Str+3 Stlth+}
Press: ? - help, Dir - move target, f/p - Nessos
Aim: Nessos, wielding a +1 longbow of flaming, wearing a +0 barding, quivering arrows and carrying a wand of polymorph (3) (severely wounded, ally target, about 19% to evade the +4 trident of the Silent Majority)
You reach to attack!
You impale Nessos!!
You kill Nessos!
Lugonu accepts your kill.
* * * LOW HITPOINT WARNING * * *
You feel extremely sick.
Your Fighting skill increases to level 12!
You have reached level 12!
You feel clever.
* * * LOW HITPOINT WARNING * * *
You feel extremely sick.
* * * LOW HITPOINT WARNING * * *
You feel extremely sick.
Really quaff the potion of lignification?
You turn into a tree.
Your +0 cloak melds into your body.
Your +0 hat of stealth melds into your body.
Your +1 pair of gloves melds into your body.
Your +2 pair of boots of rampaging melds into your body.
Your +0 plate armour melds into your body.
You feel less stealthy.
You no longer feel able to rampage towards enemies.
Your roots penetrate the ground.
* * * LOW HITPOINT WARNING * * *
You feel very sick.
* * * LOW HITPOINT WARNING * * *
You feel very sick.
Okay, then.
It was a potion of degeneration.
There was something very wrong with that liquid.
You feel weakened.
You feel dopey.
You feel clumsy.
You die...

.........# ....#....#
.........###+###'###....#
........................#
#......#########(.......#
#...... #........#
#...... #........#
#...... #.()....[#
#...... ###3.......# .)..
#.♣.)......# #..........#
###..........#
..........#####
..........# ########..#
#..# #..# #..########


You could see a friendly soul eater (summoned).

Vanquished Creatures
  Nessos (D:12)
  A boulder beetle (D:11)
  The ghost of tape the Grappler, a novice TrFi (D:9)
  A deep elf pyromancer (D:7)
  A cyclops (D:11)
  2 manticores (D:11)
  The ghost of ChaosChampion the Chopper, a novice GnCA of Ignis (D:5)
  An unseen horror (D:12)
  Prince Ribbit (D:5)
  4 slime creatures (D:9)
  A shadow (D:11)
  10 yaks
  3 wraiths
  The ghost of anet the Covert, an amateur GnDe (D:5)
  2 wyverns (D:10)
  A steam dragon (D:9)
  2 vampire mosquitoes (D:12)
  2 water moccasins
  2 orc warriors (D:9)
  An ice beast (D:7)
  A sky beast (D:5)
  2 necrophages
  2 ogres
  6 centaurs
  A phantom (D:6)
  A kobold brigand (D:8)
  5 bullfrogs
  A scorpion (D:7)
  2 wyvern skeletons
  A water moccasin skeleton (D:4)
  9 wights
  3 howler monkeys
  5 centaur zombies
  2 bullfrog zombies
  5 jellies
  3 orc priests
  Crazy Yiuf (D:4)
  3 hounds
  2 centaur skeletons
  Jessica (D:3)
  7 orc wizards
  A hound zombie (D:5)
  A howler monkey zombie (D:8)
  Robin (D:2)
  8 gnolls
  7 adders
  A shadow imp (D:6)
  An adder skeleton (D:4)
  2 dart slugs
  24 orcs
  8 endoplasms
  13 giant cockroaches
  16 goblins
  8 hobgoblins
  4 jackals (D:2)
  A quokka (D:4)
  4 ball pythons
  8 bats
  4 frilled lizards
  A jackal skeleton (D:4)
  6 kobolds
  10 rats
231 creatures vanquished.

Vanquished Creatures (collateral kills)
  Gastronok (D:11)
  A yak (D:11)
  2 vampire mosquitoes (D:11)
  Edmund (D:5)
  A sky beast (D:7)
  A centaur (D:3)
  A water moccasin skeleton (D:5)
  An orc priest (D:4)
  A hound (D:5)
  An iguana (D:4)
  An orc wizard (D:4)
  2 dart slugs
  3 orcs (D:4)
  An endoplasm (D:1)
  A goblin (D:4)
  A bat (D:1)
20 creatures vanquished.

Vanquished Creatures (others)
  2 plants
2 creatures vanquished.

Grand Total: 253 creatures vanquished

Notes
Turn   | Place    | Note
-------+----------+-------------------------------------------
     0 | Abyss:1  | ChaosChampion the Demonspawn Abyssal Knight began the quest
                  | for the Orb.
     0 | Abyss:1  | Reached XP level 1. HP: 18/18 MP: 2/2
     7 | D:1      | Escaped the Abyss
   370 | D:1      | Gained mutation: A weak demonic guardian rushes to your
                  | aid. [demonic ancestry]
   370 | D:1      | Reached XP level 2. HP: 24/24 MP: 4/4
   482 | D:1      | Reached ** piety under Lugonu
   555 | D:1      | Gained mutation: A demonic guardian rushes to your aid.
                  | [demonic ancestry]
   555 | D:1      | Reached XP level 3. HP: 25/29 MP: 5/5
  1469 | D:2      | Noticed Robin
  1489 | D:2      | Reached XP level 4. HP: 21/35 MP: 6/6
  1503 | D:2      | Killed Robin
  1505 | D:2      | Reached *** piety under Lugonu
  1806 | D:2      | Reached skill level 1 in Polearms
  2246 | D:2      | Found Gungitux's General Store.
  2419 | D:2      | Gained mutation: You are partially covered in icy blue
                  | scales. (AC +2) [demonic ancestry]
  2419 | D:2      | Reached XP level 5. HP: 30/42 MP: 8/8
  2727 | D:3      | Noticed Jessica
  2733 | D:3      | Killed Jessica
  2770 | D:3      | Found Comiffic's Weapon Emporium.
  3017 | D:3      | Noticed a necrophage
  3037 | D:3      | Killed a necrophage
  3038 | D:3      | Gained mutation: You have a pair of small horns on your
                  | head. [demonic ancestry]
  3038 | D:3      | Reached XP level 6. HP: 45/48 MP: 9/9
  3193 | D:3      | Found a blossoming altar of Fedhas.
  3194 | D:3      | Found a broken altar of Ashenzari.
  3194 | D:3      | Found a shimmering blue altar of Sif Muna.
  3196 | D:3      | Found a burning altar of Makhleb.
  3197 | D:3      | Found an iron altar of Okawaru.
  3199 | D:3      | Found an ancient bone altar of Kikubaaqudgha.
  3451 | D:3      | Reached skill level 5 in Invocations
  3933 | D:4      | Gained mutation: You are mostly covered in icy blue scales.
                  | (AC +3) [demonic ancestry]
  3933 | D:4      | Reached XP level 7. HP: 21/55 MP: 9/11
  4279 | D:4      | Reached **** piety under Lugonu
  4399 | D:4      | Reached skill level 5 in Fighting
  4942 | D:4      | Found a runed translucent door.
  4943 | D:4      | Noticed Crazy Yiuf
  5071 | D:4      | Killed Crazy Yiuf
  5140 | D:5      | Entered Level 5 of the Dungeon
  5591 | D:5      | Reached XP level 8. HP: 46/63 MP: 12/12
  5833 | D:5      | Noticed Edmund
  5854 | D:5      | Killed Edmund
  6014 | D:5      | Noticed Prince Ribbit
  6023 | D:5      | Killed Prince Ribbit
  6024 | D:5      | Reached skill level 5 in Armour
  6084 | D:5      | Found a runed translucent gate.
  6084 | D:5      | Found a runed translucent gate.
  6084 | D:5      | Found a runed translucent gate.
  6085 | D:5      | Noticed anet's ghost (amateur GnDe)
  6085 | D:5      | Noticed ChaosChampion's ghost (novice GnCA)
  6086 | D:5      | Noticed Gargoyl's ghost (novice GnAK)
  6313 | D:5      | Found a staircase to the Ecumenical Temple.
  6862 | D:6      | Reached XP level 9. HP: 43/71 MP: 13/15
  6866 | D:6      | Reached skill level 5 in Polearms
  7373 | D:7      | Found Veeript's Distillery.
  7409 | D:8      | Identified a scroll of acquirement
  7409 | D:8      | Acquired a manual of Fighting
  7443 | D:8      | Reached ***** piety under Lugonu
  7530 | D:8      | Found a shadowy altar of Dithmenos.
  7569 | D:8      | Found a staircase to the Lair.
  8426 | D:9      | Found a runed translucent door.
  8431 | D:9      | Noticed tape's ghost (novice TrFi)
  8453 | D:9      | Killed tape's ghost
  8454 | D:9      | Reached XP level 10. HP: 43/82 MP: 15/17
  8461 | D:9      | Identified the +2 robe of Peek-a-Boo {Str+4 Archmagi}
  8664 | D:9      | Identified the +4 trident of the Silent Majority {vorpal,
                  | rElec Str+3 Stlth+}
  8884 | D:5      | Banished Gargoyl's ghost
  8894 | D:5      | Killed ChaosChampion's ghost
  8914 | D:5      | Killed anet's ghost
  9232 | D:9      | Found Eheaduuh's Armour Shop.
  9233 | D:9      | Found a staircase to the Orcish Mines.
  9256 | D:9      | Reached skill level 10 in Invocations
  9674 | D:7      | Noticed a deep elf pyromancer
  9993 | D:7      | Killed a deep elf pyromancer
 10727 | D:7      | Gained mutation: Your muscles are strong. (Str +2) [potion
                  | of mutation]
 10727 | D:7      | Gained mutation: You are occasionally teleported next to
                  | monsters. [potion of mutation]
 10810 | D:9      | Bought a +2 pair of boots of rampaging for 301 gold pieces
 10822 | D:9      | Acquired a manual of Polearms
 10996 | D:10     | Entered Level 10 of the Dungeon
 11024 | D:10     | Reached skill level 10 in Fighting
 11118 | D:10     | Found Caodoema's Assorted Antiques.
 11415 | D:10     | Reached XP level 11. HP: 91/91 MP: 19/19
 11419 | D:10     | Found a stormy altar of Qazlal.
 11758 | D:10     | Noticed Sonja
 11759 | D:10     | Banished Sonja
 12296 | D:10     | Noticed Urug
 12314 | D:10     | Banished Urug
 12315 | D:10     | Reached skill level 10 in Polearms
 12665 | D:11     | Identified the +0 leather armour of the Lion {rF+ Int+4}
 13146 | D:11     | Noticed Gastronok
 13329 | D:11     | Found a blossoming altar of Fedhas.
 13559 | D:11     | Killed Gastronok
 13733 | D:12     | Noticed a boulder beetle
 13736 | D:12     | Noticed a boulder beetle
 13757 | D:11     | Killed a boulder beetle
 14101 | D:12     | Noticed Nessos
 14103 | D:12     | Noticed an eight-headed hydra
 14116 | D:12     | HP: 4/95 [poisoned by Nessos]
 14615 | D:12     | Killed Nessos
 14616 | D:12     | Reached XP level 12. HP: 21/102 MP: 21/21
 14618 | D:12     | HP: 6/153 [poisoned by Nessos]
 14619 | D:12     | HP: 1/153 [poisoned by Nessos]
 14620 | D:12     | Succumbed to Nessos's poison

Illustrated notes

Levels and vault maps discovered:
D:1:      dpeg_arrival_morbid_curiosity, layout_basic, serial_bayou_pond_c,
          minmay_indecisive_spiral
D:2:      minmay_roachtagon, layout_loops_ring, serial_shops, shop,
          nrook_loot_triangle, uniq_robin
D:3:      layout_loops_ring, minitemple, serial_shops, shop_statue, uniq_jessica
D:4:      layout_cave_pools, uniq_crazy_yiuf_cottage
D:5:      layout_basic, minmay_temple_entry_sparse_star,
          gammafunk_ghost_cemetery, chequers_jeans, minivault_4, uniq_edmund,
          uniq_prince_ribbit1
D:6:      nicolae_cairo_tiling_large_dashed, layout_cave_pools
D:7:      layout_loops_cross, serial_shops, nicolae_stop_n_shop_1
D:8:      layout_gridville, amcnicky_altar_gilded, lair_entry_dummy,
          amcnicky_mini_pool_small, st_stairs_13
D:9:      layout_rooms, orc_david_3, ebering_ghost_reflecting_pool,
          chequers_hall_statues_wall_a
D:10:     layout_cave_pods, lemuel_crystal_altar, serial_shops,
          nicolae_lakefront_shop, uniq_urug, uniq_sonja
D:11:     layout_rooms, fedhas_altar_2, uniq_gastronok
D:12:     nzn_winding_woodlands_small
          [nzn_winding_woodlands_5x15_pathside_ponds,
          nzn_winding_woodlands_center_pierced_h,
          nzn_winding_woodlands_5x15_default], layout_irregular_city,
          uniq_psyche, uniq_nessos

Skill      XL: |  1  2  3  4  5  6  7  8  9 10 11 |
---------------+----------------------------------+-----
Maces & Flails | 2 |  2.2
Armour         | 2 3 4 5 6 7 8 |  8.8
Invocations    | 3 4 5 6 8 9 10 12 | 12.3
Polearms       | 1 2 3 4 6 9 12 | 12.2
Fighting       | 4 5 6 8 10 12 | 12.0
Dodging        | |  0.8

Action                   |  1- 3 |  4- 6 |  7- 9 | 10-12 || total
-------------------------+-------+-------+-------+-------++-------
Melee: Mace              |    71 |       |       |       ||    71
       Spear             |    61 |   221 |   362 |    78 ||   722
       Headbutt          |       |     6 |    69 |    72 ||   147
       Trident           |       |       |       |   229 ||   229
Throw: Dart              |       |       |     2 |    24 ||    26
Invok: Banish            |       |       |       |     3 ||     3
  Use: Scroll            |       |       |    14 |     4 ||    18
       Potion            |       |       |       |     9 ||     9
 Stab: Distracted        |       |       |       |     1 ||     1
Armor: Leather armour    |    65 |       |       |       ||    65
       Plate armour      |    28 |   130 |   249 |   248 ||   655
Dodge: Dodged            |    87 |    48 |    60 |    67 ||   262
Block: Buckler           |       |       |    21 |    42 ||    63

Table legend: (Time is in decaauts)
 A = Elapsed time spent in this place.
 B = Non-inter-level travel time spent in this place.
 C = Inter-level travel time spent in this place.
 D = Time resting spent in this place.
 E = Time spent auto-exploring this place.
 F = Levels seen in this place.
 G = Mean time per level.
                   A        B        C        D        E       F      G
               +--------+--------+--------+--------+--------+-----+--------+
         Total |  14649 |  14131 |    518 |   2793 |   8651 |  13 | 1126.8 |
       Dungeon |  14642 |  14124 |    518 |   2793 |   8651 |  12 | 1220.2 |
         Abyss |      7 |      7 |      0 |      0 |      0 |   1 |    7.0 |
               +--------+--------+--------+--------+--------+-----+--------+

Top non-repeatable levels by time:
    D:10: 1822 daAuts
     D:5: 1719 daAuts
     D:3: 1471 daAuts
     D:1: 1449 daAuts
    D:11: 1244 daAuts
     D:2: 1226 daAuts
     D:4: 1090 daAuts
     D:8: 1076 daAuts
     D:7: 1073 daAuts
     D:6: 969 daAuts
     D:9: 918 daAuts
    D:12: 580 daAuts
 Abyss:1: 7 daAuts
